 Dungeon Crawl Stone Soup version 0.17.1-2-g5865329 (webtiles) character file.

130 Cojaviem the Skirmisher (level 5, 0/61 HPs)
             Began as an Ogre Hunter on Jan 23, 2016.
             Slain by Natasha (3 damage)
             ... on level 2 of the Dungeon.
             The game lasted 00:07:17 (2520 turns).

Cojaviem the Skirmisher (Ogre Hunter)               Turns: 2520, Time: 00:07:17

Health: 0/61       AC:  3    Str: 17    XL:     5   Next: 14%
Magic:  5/5        EV: 10    Int: 10    God:
Gold:   106        SH:  0    Dex: 11    Spells: 0 memorised, 4 levels left

rFire  . . .     SeeInvis .     a - +0 short sword
rCold  . . .     Clarity  .     b - +0 robe
rNeg   . . .     SustAt   .     (no shield)
rPois  .         Gourm    .     (helmet restricted)
rElec  .         Spirit   .     (no cloak)
rCorr  .         Warding  .     (gloves unavailable)
rMut   .         Stasis   .     (boots unavailable)
MR     .....                    (no amulet)
Stlth  +.........               (no ring)
                                (no ring)

@: not resistant to hostile enchantments, very unstealthy
A: unfitting armour, tough skin 1
a: no special abilities


You were on level 2 of the Dungeon.
You were not hungry.

You visited 1 branch of the dungeon, and saw 2 of its levels.

You collected 106 gold pieces.

Inventory:

Hand Weapons
 a - a +0 short sword (weapon)
Missiles
 c - 5 large rocks (quivered)
 d - 2 throwing nets
 g - 44 stones
Armour
 b - a +0 robe (worn)
Jewellery
 l - an uncursed ring of magical power
Scrolls
 f - a scroll of amnesia {unknown}
 i - 2 scrolls of identify {unknown}
 j - 2 scrolls of remove curse {unknown}
 k - a scroll of blinking {unknown}
Comestibles
 e - a bread ration
 h - 6 chunks of flesh
 n - a meat ration


   Skills:
 + Level 6.8 Fighting
 - Level 4.0 Throwing
 - Level 1.7 Dodging
 - Level 0.7 Stealth


You had 4 spell levels left.
You didn't know any spells.

Dungeon Overview and Level Annotations

Branches:
Dungeon (2/15)

Altars:
Nemelex Xobeh

Annotations:
D:2 Natasha


Innate Abilities, Weirdness & Mutations

You are too large for most types of armour.
You have tough skin (AC +1).


Message History

Natasha casts a spell.
The white imp grins evilly.
The white imp barely misses you.
You hit Natasha.
Natasha is heavily wounded.
Natasha drinks a potion.
Natasha suddenly seems more resistant.
Natasha barely misses you. The white imp completely misses you.
You barely miss Natasha.
Natasha is moderately wounded.
Natasha stares at you and mumbles some strange words.
The magic dart hits you!
* * * LOW HITPOINT WARNING * * *
The crimson imp blinks!
The white imp gestures at you. The puff of frost hits you!
* * * LOW HITPOINT WARNING * * *
You barely miss Natasha.
Natasha is moderately wounded.
Natasha claws you but does no damage. Natasha claws you.
You die...

##########......##.##....###..#
# ######.##.##.........# #
#.##.##....####.###
#.##h##.......<....
##.##.##...#########
#...................
#...#.############## #.#5#(#
#@#)# #§h.# ##(†# #..# ..>..
##...... ......... .........
.......(..


You could see Natasha and a white imp.

Vanquished Creatures
  Jessica (D:2)
  Natasha (D:2)
  2 adders (D:2)
  An ooze (D:1)
  A giant gecko (D:1)
  6 bats
  8 hobgoblins
  4 kobolds (D:1)
  2 ball pythons
  4 giant cockroaches
  3 giant newts
  4 goblins
  13 jackals
  5 rats
55 creatures vanquished.

Notes
Turn   | Place    | Note
--------------------------------------------------------------
     0 | D:1      | Cojaviem the Ogre Hunter began the quest for the Orb.
     0 | D:1      | Reached XP level 1. HP: 22/22 MP: 1/1
   180 | D:1      | Reached XP level 2. HP: 26/32 MP: 2/2
   453 | D:1      | Found a sparkling altar of Nemelex Xobeh.
   597 | D:1      | Reached XP level 3. HP: 26/40 MP: 3/3
   625 | D:1      | HP: 2/40 [rat (1)]
  1183 | D:1      | Reached skill level 5 in Fighting
  1376 | D:2      | Noticed Jessica
  1392 | D:2      | Killed Jessica
  1392 | D:2      | Reached XP level 4. HP: 42/52 MP: 4/4
  1417 | D:2      | Reached skill level 6 in Fighting
  1794 | D:2      | HP: 2/52 [poisoned by an adder]
  1801 | D:2      | HP: 2/78 [poisoned by an adder]
  1807 | D:2      | HP: 2/78 [poisoned by an adder]
  1813 | D:2      | HP: 2/78 [poisoned by an adder]
  2048 | D:2      | Noticed Natasha
  2057 | D:2      | Killed Natasha
  2057 | D:2      | Reached XP level 5. HP: 32/61 MP: 5/5
  2491 | D:2      | Noticed Natasha
  2519 | D:2      | HP: 3/61 [white imp/puff of frost[Natasha] (10)]
  2520 | D:2      | Slain by Natasha

Action                   |  1- 3 |  4- 6 || total
-------------------------+-------+-------++-------
Melee: Short sword       |   166 |   134 ||   300
Throw: Stone             |     1 |     6 ||     7
       Large rock        |       |     4 ||     4
  Use: Potion            |       |     3 ||     3
 Stab: Sleeping          |     2 |       ||     2
       Distracted        |       |     1 ||     1
  Eat: Chunk             |     2 |     4 ||     6
